 Dungeon Crawl Stone Soup version 0.27.0-1-g7a089689b8 (webtiles) character file.

Game seed: 15260539789994060494

2 Amplified the Vexing (level 1, 0/13 HPs)
             Began as a Demonspawn Enchanter on Aug 6, 2021.
             Slain by a quokka (3 damage)
             ... on level 1 of the Dungeon.
             The game lasted 00:00:55 (338 turns).

Amplified the Vexing (Demonspawn Enchanter)          Turns: 338, Time: 00:00:56

Health: 0/13       AC:  2    Str:  8    XL:     1   Next: 33%
Magic:  2/3        EV: 12    Int: 16    God:
Gold:   0          SH:  0    Dex: 13    Spells: 3/4 levels left

rFire    . . .     SeeInvis .   c - +0 dagger (vamp)
rCold    . . .     Faith    .   (no shield)
rNeg     . . .     Spirit   .   b - +0 robe
rPois    .         Reflect  .   (no helmet)
rElec    .         Harm     .   (no cloak)
rCorr    .         Rampage  .   (no gloves)
Will     .....                  (no boots)
Stlth    ++........             (no amulet)
HPRegen  0.04/turn              (no ring)
MPRegen  0.08/turn              (no ring)

@: very slightly contaminated
A: no striking features
a: no special abilities


You were on level 1 of the Dungeon.
You visited 1 branch of the dungeon, and saw 1 of its levels.

Inventory:

Hand Weapons
 a - a +1 dagger
 c - a +0 vampiric dagger (weapon)
Armour
 b - a +0 robe (worn)
Scrolls
 d - a scroll of brand weapon {unknown}
 e - a scroll of blinking {unknown}


   Skills:
 * Level 0.2 Fighting
 * Level 1.1 Short Blades
 - Level 1.7 Dodging
 - Level 2.6 Stealth
 - Level 2.0 Spellcasting
 - Level 3.0 Hexes


You had 3 spell levels left.
You knew the following spells:

 Your Spells              Type           Power      Damage    Failure   Level
a - Corona                Hex            12%        N/A       6%          1

Your spell library contained the following spells:

 Spells                   Type           Power      Damage    Failure   Level
 Ensorcelled Hibernation  Hex/Ice        12%        N/A       17%         2
 Confusing Touch          Hex            11%        N/A       19%         3
 Tukima's Dance           Hex            11%        N/A       19%         3
 Dazzling Flash           Conj/Hex       12%        N/A       32%         3


Dungeon Overview and Level Annotations

Branches:
Dungeon (1/15)

Altars:


Message History

The quokka bites you.
You hit the quokka.
The quokka is heavily wounded.
The quokka bites you but does no damage.
The quokka bites you.
It was a potion of invisibility.
You fade into invisibility!
The quokka barely misses you.
You are very lightly contaminated with residual magic.
You hit the quokka but do no damage.
The quokka is heavily wounded.
The quokka bites you but does no damage.
Unknown command.
You hit the quokka.
The quokka is severely wounded.
Unknown command.
Found a stone staircase leading down.
You see here a +0 vampiric dagger.
c - a +0 vampiric dagger You flicker for a moment.
You feel a sense of dread.
c - a +0 vampiric dagger (weapon)
The quokka closely misses you.
You barely miss the quokka.
The quokka is severely wounded.
You hit the quokka but do no damage.
The quokka is severely wounded.
You flicker back into view.
The quokka bites you.
* * * LOW HITPOINT WARNING * * *
Unknown command.
You aren't carrying any potions.
Unknown command.
Casting: Corona (safe; 6% risk of failure)
Confirm with . or Enter, or press ? or * to list all spells.
Aiming: Corona (safe; 6% risk of failure)
Press: ? - help, Shift-Dir - straight line, f - quokka
Aim: a quokka (severely wounded, chance to affect: 64%)
The quokka is outlined in light.
The quokka bites you.
You die...

### ..# #.# #.# #.#
#.### #.# #.##.# ##r####
# #.#
#.#####@....####...
#..###.............>...
#.#.#..####............
##.##....###...#.###....
#.........##....... ...
#..##....####..##### K
#..###...# #..# .#
#..............# .#
#.####...#####.#


You could see a quokka (corona).

Vanquished Creatures
  An endoplasm (D:1)
  A kobold (D:1)
2 creatures vanquished.

Notes
Turn   | Place    | Note
-------+----------+-------------------------------------------
     0 | D:1      | Amplified the Demonspawn Enchanter began the quest for the
                  | Orb.
     0 | D:1      | Reached XP level 1. HP: 13/13 MP: 3/3
    16 | D:1      | Reached skill level 1 in Short Blades
   338 | D:1      | Slain by a quokka

Illustrated notes

Levels and vault maps discovered:
D:1:      co_arrival_square_in_a_square_in_a_square, layout_loops_ring,
          chequers_ecumenical_altar_simple_redux, minmay_crystal_room,
          minmay_distorted

Skill      XL: |  1 |
---------------+----+-----
Short Blades   | 1 |  1.1
Fighting       | |  0.2
Dodging        | |  1.7
Stealth        | |  2.6
Spellcasting   | |  2.0
Hexes          | |  3.0

Action                   || total
-------------------------++-------
Melee: Dagger            ||    20
 Cast: Corona            ||     2
  Use: Potion            ||     1
Armor: Robe              ||     5
Dodge: Dodged            ||    14
